 Dungeon Sprint DCSS version 0.17-b1-25-g6d8775f (console) character file.

50 Kellhus the Martial Artist (level 6, -30/47 HPs)
             Began as a Demonspawn Monk on Nov 5, 2015.
             Was an Elder of Qazlal.
             Killed by an exploding giant spore (32 damage)
             ... in the Dungeon (Sprint VI: "Thunderdome").
             The game lasted 00:04:00 (371 turns).

Kellhus the Martial Artist (Demonspawn Monk)         Turns: 371, Time: 00:04:00

Health: -30/47     AC:  4    Str: 11    XL:     6   Next: 88%
Magic:  9/13       EV: 13    Int: 12    God:    Qazlal [****..]
Gold:   280        SH:  0    Dex: 17    Spells: 0 memorised, 5 levels left

rFire  . . .     SeeInvis .       - Unarmed
rCold  . . .     Clarity  .     a - +0 robe
rNeg   . . .     SustAt   .     (no shield)
rPois  .         Gourm    .     (no helmet)
rElec  .         Spirit   .     (no cloak)
rCorr  .         Warding  .     (no gloves)
rMut   .         NoTele   +     (no boots)
MR     .....                    (no amulet)
Stlth  +.........               (no ring)
                                (no ring)

@: confused, repel missiles, not resistant to hostile enchantments, very
unstealthy
A: large bone plates 1, demonic guardian 1, powered by death 1
a: Upheaval, Elemental Force, Renounce Religion


You were in the Dungeon.
You worshipped Qazlal.
Qazlal was greatly pleased with you.
You were not hungry.

You visited 1 branch You collected 280 gold pieces.

Inventory:

Armour
 a - a +0 robe (worn)
Wands
 j - a wand of cold (2)
 k - a wand of fire (2)
 n - a wand of fireball (0)
Scrolls
 h - 4 scrolls of blinking
 l - 3 scrolls of fog
Potions
 c - a potion of curing
 d - 4 potions of heal wounds
 e - 4 potions of haste
 f - 2 potions of magic
 g - a potion of berserk rage
 i - a potion of resistance
Comestibles
 b - a bread ration


   Skills:
 - Level 3.0 Fighting
 - Level 2.6 Dodging
 - Level 1.7 Stealth
 + Level 11.6 Unarmed Combat
 * Level 10.6 Invocations


You had 5 spell levels left.
You didn't know any spells.

Dungeon Overview and Level Annotations

Branches:
Dungeon (1/1)

Altars:
Cheibriados
Dithmenos
Fedhas
Gozag
Kikubaaqudgha
Makhleb
Okawaru
Qazlal
Ru
Sif Muna
Trog
Vehumet
Xom
Yredelemnul
Zin
The Shining One
Jiyva
Lugonu

Shops:
D *[%??*?*:[((!!!!


Innate Abilities, Weirdness & Mutations

You are partially covered in large bone plates (AC +2, SH +2).
A weak demonic guardian rushes to your aid.
You regenerate a little health from kills.


Message History

The explosion of spores engulfs the active ballistomycete.
The explosion of spores engulfs the giant spore.
The giant spore explodes!
The explosion of spores engulfs the giant spore.
The giant spore explodes!
A fungus suddenly grows.
The explosion of spores engulfs the ballistomycete. x2
The explosion of spores engulfs the giant spore.
The giant spore explodes!
The explosion of spores engulfs the ballistomycete. x3
The explosion of spores engulfs the active ballistomycete.
A fungus suddenly grows.
The explosion of spores engulfs you!
You are confused.
Ouch! That really hurt!
* * * LOW HITPOINT WARNING * * *
The explosion of spores engulfs the ballistomycete. x3
A fungus suddenly grows.
The explosion of spores engulfs you!
You are more confused.
Ouch! That really hurt!
You die...

#........_# ###P........###
#PPP.........⌠#
######P8P.P......8.#####
##∩_P.PPPP..###......___∩
###P.PP**P*.8.# #.8........
#P*PPPP..P....###..........
P.PPPP.PP*.###...###.......
*PPPP......# #.<.# #.......
*.PP.......###...###.......
#P*P.P.§..@...###..........
###P.P.§.P§P8.# #.8........
##P_.P§.PP..###......_._∩
######P8.........8.#####
#§PP.........⌠#
###*........### #_......._#
#_......._# #_......._#
#∩.......∩# ##∩.....∩##


You could see 11 active ballistomycetes.

Vanquished Creatures
  Grinder (D)
  A soldier ant (D)
  A crimson imp (D)
  An iron imp (D)
  5 worker ants (D)
  2 white imps (D)
  3 ballistomycetes (D)
  A giant spore (D)
15 creatures vanquished.

Vanquished Creatures (others)
  53 giant spores (D)
53 creatures vanquished.

Grand Total: 68 creatures vanquished

Notes
Turn   | Place    | Note
--------------------------------------------------------------
     0 | D        | Kellhus the Demonspawn Monk began the quest for the Orb.
     0 | D        | Reached XP level 1. HP: 18/18 MP: 1/1
     3 | D        | Found a glowing golden altar of the Shining One.
     3 | D        | Found a stormy altar of Qazlal.
     4 | D        | Found a snail-covered altar of Cheibriados.
     5 | D        | Found a sacrificial altar of Ru.
     5 | D        | Found a shadowy altar of Dithmenos.
     5 | D        | Round 1.
     6 | D        | Found a corrupted altar of Lugonu.
     6 | D        | Found a radiant altar of Vehumet.
     6 | D        | Found Xuumenia's Weapon Rack.
     6 | D        | Found Piggial's Premium Goods.
     7 | D        | Found Uroiz's Basic Armour.
     7 | D        | Found Irulah's Miscellaneous Merchandise.
     8 | D        | Found a bloodstained altar of Trog.
    11 | D        | Became a worshipper of Qazlal Stormbringer
    11 | D        | Reached * piety under Qazlal
    11 | D        | Reached ** piety under Qazlal
    14 | D        | Noticed a soldier ant
    16 | D        | Killed a soldier ant
    16 | D        | Reached skill level 7 in Unarmed Combat
    16 | D        | Gained mutation: You are partially covered in large bone plates (AC +2, SH +2). [demonic ancestry]
    16 | D        | Reached XP level 2. HP: 24/24 MP: 1/6
    16 | D        | Gained mutation: A weak demonic guardian rushes to your aid. [demonic ancestry]
    16 | D        | Reached XP level 3. HP: 29/29 MP: 1/7
    16 | D        | Gained mutation: You regenerate a little health from kills. [demonic ancestry]
    16 | D        | Reached XP level 4. HP: 35/35 MP: 1/8
    18 | D        | Found Gyzeyfue's Do-It-Yourself Clinic.
    19 | D        | Found Viog's Bottled Wisdom.
    19 | D        | Found Cykitofokk's Distillery.
    19 | D        | Found a glowing silver altar of Zin.
    19 | D        | Found a basalt altar of Yredelemnul.
    19 | D        | Found an iron altar of Okawaru.
    19 | D        | Found Huohud's Distillery.
    23 | D        | Found a shimmering altar of Xom.
    25 | D        | Found an ancient bone altar of Kikubaaqudgha.
    26 | D        | Found a blossoming altar of Fedhas.
    26 | D        | Found Gith's Staff Store.
    26 | D        | Found Qioshrede's Magic Scroll Shop.
    27 | D        | Found Geocolib's Must-Have Magic.
    27 | D        | Found Silen's Magic Scroll Shop.
    31 | D        | Found an opulent altar of Gozag.
    32 | D        | Found a viscous altar of Jiyva.
    33 | D        | Found Qykh's Bee Food.
    33 | D        | Found a deep blue altar of Sif Muna.
    33 | D        | Found a burning altar of Makhleb.
    33 | D        | Found Uganacek's Identification Station.
    34 | D        | Found Keeth's Jewellery.
    34 | D        | Found Guvareg's Advanced Armour.
    37 | D        | Reached skill level 8 in Unarmed Combat
    43 | D        | Reached XP level 5. HP: 33/41 MP: 3/10
    74 | D        | Reached skill level 9 in Unarmed Combat
   108 | D        | Reached *** piety under Qazlal
   130 | D        | Arena points: 14 (+14) [x2]
   193 | D        | Round 2.
   196 | D        | Noticed Grinder
   209 | D        | Killed Grinder
   209 | D        | Reached skill level 11 in Unarmed Combat
   209 | D        | Reached skill level 10 in Invocations
   209 | D        | Reached XP level 6. HP: 28/47 MP: 11/13
   224 | D        | Reached **** piety under Qazlal
   307 | D        | Arena points: 50 (+36) [x3]
   365 | D        | Round 3.
   371 | D        | HP: 2/47 [something (30)]
   371 | D        | Killed by an exploding giant spore

Action                   |  1- 3 |  4- 6 || total
-------------------------+-------+-------++-------
Melee: Unarmed           |       |    35 ||    35
Invok: Upheaval          |       |     1 ||     1
Evoke: Wand              |     2 |     7 ||     9
